 Dungeon Crawl Stone Soup version 0.17-a0-1181-gabc46e6 (webtiles) character file.

17502 Fluffy the Commander (level 12, -9/98 HPs)
             Began as a Demonspawn Gladiator on May 31, 2015.
             Was a High Priest of Okawaru.
             Mangled by an ettin
             ... wielding a +0 dire flail
              (24 damage)
             ... on level 3 of the Orcish Mines.
             The game lasted 00:58:30 (18535 turns).

Fluffy the Commander (Demonspawn Gladiator)        Turns: 18535, Time: 00:58:30

Health: -9/98      AC: 20    Str: 18      XL:     12   Next: 19%
Magic:  0/20       EV: 13    Int:  4 (9)  God:    Okawaru [*****.]
Gold:   1417       SH:  0    Dex: 17      Spells: 0 memorised, 11 levels left

rFire  + + .     SeeInvis .     R - +5 great sword (slice)
rCold  . . .     Clarity  .     u - +1 chain mail {rN+}
rNeg   + . .     SustAt   .     (no shield)
rPois  .         Gourm    .     c - +1 helmet
rElec  .         Spirit   +     k - +0 cloak
rCorr  .         Warding  .     H - +0 pair of gloves
rMut   +         Stasis   .     (boots unavailable)
MR     .....                    F - amulet of resist mutation
Stlth  +.........               o - ring of stealth
                                M - ring of protection from fire

@: heroism, not resistant to hostile enchantments, very unstealthy
A: talons 3, fire resistance 1, magic shield, magic regeneration
a: Heroism, Finesse, Renounce Religion


You were on level 3 of the Orcish Mines.
You worshipped Okawaru.
Okawaru was extremely pleased with you.
You were not hungry.

You visited 3 branches of the dungeon, and saw 16 of its levels.

You collected 1577 gold pieces.
You spent 160 gold pieces at shops.

Inventory:

Hand weapons
 b - a +0 falchion of distortion
 R - a +5 great sword of slicing (weapon)
Missiles
 d - 4 throwing nets (quivered)
Armour
 c - a +1 helmet (worn)
 k - a +0 cloak (worn)
 u - a +1 chain mail of positive energy (worn)
 H - a +0 pair of gloves (worn)
Jewellery
 g - an uncursed ring of flight
 o - a ring of stealth (right hand)
 E - the ring of Xosome {+/*Tele +Inv rPois Dex+3}
   (You bought it in a shop on level 9 of the Dungeon)

   [ring of teleportation]

   It may teleport you to nearby monsters, and can be evoked to randomly
   teleport.
   It affects your dexterity (+3).
   It protects you from poison.
   It lets you turn invisible.
 F - an amulet of resist mutation (around neck)
 M - a ring of protection from fire (left hand)
Magical devices
 q - a wand of frost (3)
 v - a wand of confusion (16)
 I - a wand of magic darts (14)
 K - a wand of flame (20)
 L - a wand of paralysis (17)
 N - a wand of paralysis (10)
Scrolls
 l - a scroll of fog
 m - 10 scrolls of teleportation
 y - 2 scrolls of recharging
 A - 2 scrolls of blinking
 G - a scroll of silence
 O - a scroll of identify
Potions
 a - a potion of cancellation
 f - 4 potions of might
 j - 2 potions of berserk rage
 n - 3 potions of lignification
 p - 2 potions of cure mutation
 s - 3 potions of agility
 t - 2 potions of flight
 x - 2 potions of magic
 z - a potion of curing
 B - 3 potions of brilliance
 J - a potion of ambrosia
Comestibles
 e - 7 bread rations
 h - 6 meat rations
 i - 3 beef jerkies
 r - 2 chunks of flesh
 w - 29 fruits
 C - 2 slices of pizza


   Skills:
 + Level 10.4(15.4) Fighting
 + Level 9.8(14.8) Long Blades
 - Level 1.7(6.7) Throwing
 + Level 9.4(14.4) Armour
 - Level 3.8(8.8) Dodging
 + Level 11.9 Invocations


You had 11 spell levels left.
You didn't know any spells.

Dungeon Overview and Level Annotations

Branches:
Dungeon (11/15)            Temple (1/1) D:4            Lair (0/8) D:9
    Orc (4/4) D:11            Elf (0/3) Orc:3

Altars:
Ashenzari
Cheibriados
Dithmenos
Elyvilon
Fedhas
Gozag
Kikubaaqudgha
Makhleb
Nemelex Xobeh
Okawaru
Qazlal
Ru
Sif Muna
Trog
Vehumet
Xom
Yredelemnul
Zin
The Shining One

Shops:
D:9 *   Orc:2 =   Orc:4 (*


Innate Abilities, Weirdness & Mutations

You have claws for feet.
Your flesh is heat resistant.
When hurt, damage is shared between your health and your magic reserves.
You regenerate magic rapidly.


Message History

The ettin hits you with a dire flail.
You climb upwards.
There is a stone staircase leading down here.
You barely miss the ettin. You claw the ettin, but do no damage.
The ettin barely misses you. x2
Use which ability? (? or * to list)
You gain the combat prowess of a mighty hero.
You feel slightly more hungry.
You slice the ettin!! You claw the ettin, but do no damage.
The ettin is moderately wounded.
The ettin closely misses you. The ettin hits you with a dire flail!
You slash the ettin! Your kick misses the ettin.
The ettin is severely wounded.
The ettin barely misses you. The ettin hits you with a dire flail!!
You hit the ettin.
The ettin is severely wounded.
The ettin hits you with a dire flail!!
* * * LOW HITPOINT WARNING * * *
The ettin hits you with a dire flail!!
You die...

≈≈..#####................#
≈.≈.## #................##
.....# #..##............##
...#######.#.............#
#### ##.#...............##
# #...................#
####............>.....##
###..............C......##
#......##.......@........#
......##............#....#
..#.###............##...##
####.#...................#
.##..........#..##.#.....#
..##.#..........###)....##
......#.##.#.#.## ##.....#
.....########### ##...##
##...# ##....##


You could see an ettin.

Vanquished Creatures
  Nessos (Orc:3)
  Erolcha (D:8)
  3 unseen horrors
  Pikel (D:5)
  A giant orange brain (D:10)
  An ugly thing (D:11)
  A cyclops (D:11)
  2 komodo dragons
  A troll (Orc:2)
  A two-headed ogre (D:8)
  Grinder (D:5)
  A shadow (D:11)
  Sigmund (D:6)
  11 yaks
  2 mottled dragons (D:11)
  Menkaure (D:6)
  A hungry ghost (D:10)
  A steam dragon (D:8)
  2 hippogriffs
  2 sky beasts
  5 wargs (Orc:3)
  A wasp (D:10)
  An eye of draining (D:11)
  2 ice beasts
  10 orc warriors
  3 black bears
  2 necrophages (D:10)
  2 phantoms (D:8)
  9 ogres
  The ghost of HEYYEYAAE the Digger, an average HuEE (D:4)
  2 centaurs
  4 big kobolds
  4 brain worms (D:10)
  9 giant frogs
  A gnoll sergeant (D:9)
  4 scorpions
  9 killer bees
  4 electric eels
  3 centaur zombies
  5 crimson imps
  13 orc priests
  3 wights (D:8)
  3 jellies
  25 orc wizards
  Ijyb (D:3)
  3 hounds
  2 giant frog skeletons
  Jessica (D:2)
  A centaur skeleton (D:5)
  3 iguanas
  18 worker ants
  A hound zombie (D:11)
  A hound skeleton (D:7)
  2 worker ant zombies
  12 gnolls
  11 adders
  5 shadow imps
  2 adder skeletons (D:8)
  An adder zombie (D:5)
  4 worms
  129 orcs
  A ball python (D:2)
  A bat skeleton (D:6)
  A bat zombie (D:6)
  19 goblins
  19 hobgoblins
  17 jackals
  4 quokkas
  14 bats
  13 giant cockroaches
  8 giant geckos
  A giant gecko skeleton (D:6)
  A giant gecko zombie (D:8)
  5 giant newts
  A jackal zombie (D:6)
  33 kobolds
  A quokka skeleton (D:7)
  21 rats
  A plant (D:9)
519 creatures vanquished.

Vanquished Creatures (others)
  A slave (D:5)
  A crimson imp (D:5)
  2 adders (D:5)
  A ball python (D:6)
  A giant cockroach zombie (D:5)
  A giant newt (D:5)
  A quokka skeleton (D:5)
  A plant (D:9)
9 creatures vanquished.

Grand Total: 528 creatures vanquished

Notes
Turn   | Place    | Note
--------------------------------------------------------------
     0 | D:1      | Fluffy the Demonspawn Gladiator began the quest for the Orb.
     0 | D:1      | Reached XP level 1. HP: 16/16 MP: 1/1
   692 | D:1      | Gained mutation: When hurt, damage is shared between your health and your magic reserves. [demonic ancestry]
   692 | D:1      | Reached XP level 2. HP: 19/22 MP: 2/2
   742 | D:1      | Reached skill level 1 in Armour
   755 | D:1      | Reached skill level 3 in Dodging
  1166 | D:2      | Gained mutation: You have sharp toenails. [demonic ancestry]
  1166 | D:2      | Reached XP level 3. HP: 23/27 MP: 3/3
  1664 | D:2      | Noticed Jessica
  1671 | D:2      | Killed Jessica
  1671 | D:2      | Reached XP level 4. HP: 19/34 MP: 2/4
  2787 | D:3      | Reached XP level 5. HP: 41/41 MP: 5/5
  3550 | D:3      | Reached skill level 4 in Long Blades
  3550 | D:3      | Reached XP level 6. HP: 33/47 MP: 3/6
  3977 | D:3      | Noticed Ijyb
  3990 | D:3      | Killed Ijyb
  4091 | D:4      | Noticed HEYYEYAAE's ghost (average HuEE)
  4298 | D:4      | Killed HEYYEYAAE's ghost
  4320 | D:4      | Found a bloodstained altar of Trog.
  4361 | D:4      | Found an ancient bone altar of Kikubaaqudgha.
  4502 | D:4      | Found a sparkling altar of Nemelex Xobeh.
  4504 | D:4      | Found a stormy altar of Qazlal.
  5008 | D:4      | Gained mutation: You have razor-sharp toenails. [demonic ancestry]
  5008 | D:4      | Reached XP level 7. HP: 54/54 MP: 7/7
  5062 | D:4      | Found a staircase to the Ecumenical Temple.
  5075 | Temple   | Entered the Ecumenical Temple
  5098 | Temple   | Became a worshipper of Warmaster Okawaru
  5360 | D:5      | Entered Level 5 of the Dungeon
  5381 | D:5      | Reached skill level 1 in Invocations
  5876 | D:5      | Noticed Pikel
  5890 | D:5      | Noticed Grinder
  5899 | D:5      | Paralysed by Grinder for 4 turns
  5904 | D:5      | Killed Pikel
  5904 | D:5      | Acquired Okawaru's first power
  5904 | D:5      | Reached skill level 5 in Fighting
  5904 | D:5      | Reached skill level 5 in Long Blades
  5904 | D:5      | Reached XP level 8. HP: 15/63 MP: 3/11
  5936 | D:5      | Paralysed by Grinder for 5 turns
  5943 | D:5      | Found a radiant altar of Vehumet.
  5948 | D:5      | Killed Grinder
  6196 | D:5      | Found a stormy altar of Qazlal.
  6311 | D:5      | Reached skill level 5 in Armour
  6506 | D:5      | Found a shimmering altar of Xom.
  6507 | D:5      | Found a shimmering altar of Xom.
  6570 | D:5      | Got a jewelled leather armour
  6616 | D:6      | Reached skill level 6 in Fighting
  6616 | D:6      | Reached skill level 5 in Invocations
  6845 | D:6      | Noticed Sigmund
  6874 | D:6      | Killed Sigmund
  7219 | D:6      | Gained mutation: You regenerate magic rapidly. [demonic ancestry]
  7219 | D:6      | Reached XP level 9. HP: 36/69 MP: 7/13
  7387 | D:6      | Identified the cursed +0 leather armour "Muha" {rElec rC+ Dex-5 SInv} (You found it on level 5 of the Dungeon)
  8068 | D:6      | Noticed Menkaure
  8075 | D:6      | Killed Menkaure
  8711 | D:7      | Found a deep blue altar of Sif Muna.
  9041 | D:7      | Found a runed door.
  9061 | D:7      | Found a runed door.
  9420 | D:7      | Reached skill level 7 in Invocations
  9850 | D:8      | Noticed Erolcha
 10059 | D:8      | Got a clouded jade amulet
 10060 | D:8      | Identified the amulet "Afehet" {rMut +Fly Str+3 Slay-3} (You found it on level 8 of the Dungeon)
 10168 | D:8      | HP: 1/72 [Erolcha/bolt of fire (27)]
 10170 | D:8      | Killed Erolcha
 10170 | D:8      | Reached skill level 8 in Invocations
 10170 | D:8      | Gained mutation: Your flesh is heat resistant. [demonic ancestry]
 10170 | D:8      | Reached XP level 10. HP: 10/79 MP: 0/16
 10505 | D:8      | Got a crude cloak
 10530 | D:8      | Identified the -2 cloak of Supple Strength {*Contam +Blink Str+4} (You found it on level 8 of the Dungeon)
 11466 | D:9      | Found a staircase to the Lair.
 11519 | D:9      | Reached skill level 9 in Invocations
 11553 | D:9      | Acquired Okawaru's second power
 11994 | D:9      | Found Qiacyohi's Assorted Antiques.
 11999 | D:9      | Bought a steaming marble ring for 160 gold pieces
 12000 | D:9      | Identified the ring of Xosome {+/*Tele +Inv rPois Dex+3} (You bought it in a shop on level 9 of the Dungeon)
 12419 | D:10     | Entered Level 10 of the Dungeon
 12746 | D:10     | Killed an unseen horror
 12746 | D:10     | Reached XP level 11. HP: 38/87 MP: 11/18
 13055 | D:10     | Reached skill level 10 in Invocations
 13207 | D:10     | Noticed a giant orange brain
 13225 | D:10     | Lost intelligence.
 13228 | D:10     | Killed a giant orange brain
 13386 | D:10     | Killed an unseen horror
 14280 | D:11     | Killed an unseen horror
 14365 | D:11     | Reached skill level 11 in Invocations
 15465 | D:11     | Received a gift from Okawaru
 15553 | D:11     | Reached skill level 10 in Fighting
 15609 | D:11     | Found a staircase to the Orcish Mines.
 15662 | Orc:1    | Entered Level 1 of the Orcish Mines
 16279 | Orc:2    | Found Guelaqer's Jewellery Shoppe.
 16846 | Orc:3    | Gained mutation: You have claws for feet. [demonic ancestry]
 16846 | Orc:3    | Reached XP level 12. HP: 91/97 MP: 20/20
 16896 | Orc:3    | Noticed Nessos
 17306 | Orc:3    | Found a staircase to the Elven Halls.
 17406 | Orc:3    | Killed Nessos
 18419 | Orc:4    | Entered Level 4 of the Orcish Mines
 18462 | Orc:4    | Found Qaodetikh's Antique Weapon Shop.
 18463 | Orc:4    | Noticed a stone giant
 18523 | Orc:4    | Found Bophax's General Store.
 18523 | Orc:4    | Noticed an ettin
 18535 | Orc:3    | Mangled by an ettin

Vault maps used:
D:1:      lightli_arrival_quake
D:2:      uniq_jessica
D:3:      first_bread, uniq_iyjb
D:4:      minitemple, minmay_temple_entry_junction, minmay_curled_crystal
D:5:      xom_redecorated, overflow_temple_1_default,
          nicolae_qazlal_eye_of_the_storm, uniq_pikel, uniq_grinder
D:6:      wad_lake_hut, uniq_menkaure, uniq_sigmund
D:7:      lemuel_insect_pit, lemuel_doored_altar, enter_bailey_2
D:8:      uniq_erolcha
D:9:      david_lair_shrubbed, serial_shops, shop
D:10:     blue_anna_alchemist, minmay_brain_eaters
D:11:     hiddenorc1_lemuel
Temple:   water_room_temple_b_12
Orc:2:    serial_shops, shop
Orc:3:    nicolae_orc_pool_cavern, nooodl_orcs_dogs, uniq_nessos
Orc:4:    grunt_orc_gardens, grunt_orc_garden, grunt_orc_garden,
          grunt_orc_garden, grunt_orc_garden,
          portal_ice_cave_entry_animals_and_master, lab_entry_generic

Action                   |  1- 3 |  4- 6 |  7- 9 | 10-12 || total
-------------------------+-------+-------+-------+-------++-------
Melee: Long sword        |   130 |   421 |   658 |   756 ||  1965
       Great sword       |       |       |       |   275 ||   275
Invok: Heroism           |       |       |     5 |     5 ||    10
       Finesse           |       |       |       |     2 ||     2
Evoke: Wand              |       |       |     6 |     8 ||    14
  Use: Potion            |       |     3 |     3 |     4 ||    10
       Scroll            |       |     9 |    10 |     7 ||    26
 Stab: Sleeping          |     1 |     3 |       |       ||     4
  Eat: Chunk             |     2 |    12 |    18 |    34 ||    66
       Fruit             |       |       |       |     1 ||     1
